[Event "Pashayeva Memorial Rapid 2025"]
[Site "Baku"]
[Date "2025.03.03"]
[Round "6.3"]
[White "Balajayeva, Khanim"]
[Black "Yakubbaeva, Nilufar"]
[Result "1-0"]
[Annotator "TA"]
[ECO "B12"]
[WhiteElo "2355"]
[BlackElo "2187"]
[PlyCount "85"]
[EventDate "2025.03.01"]
[EventType "tourn"]
[EventCountry "AZE"]
[SourceTitle "playchess.com"]
[Source "ChessBase"]
[SourceQuality "1"]
[TimeControl "900+10"]

1. e4 c6 2. d4 d5 3. e5 Bf5 4. Nf3 e6 5. Be2 Nd7 6. O-O h6 7. a4 {[%emt 0:00:14] B12: Caro-Kann: Advance Variation.} Ne7 8. a5 a6 9. Nbd2 (9. b4 $16) 9... c5 $11 10. c4 Nc6 11. cxd5 exd5 12. dxc5 Nxc5 (12... Bxc5 $5 13. Nb3 O-O $11) 13. Nb3 Be7 $146 (13... Nxb3 14. Qxb3 Bb4 15. Bd2 Bxd2 16. Nxd2 Nxa5 17. Qb4 b6 18. Rfc1 Be6 19. Bxa6 Rxa6 {1-0 Koshulyan,E (2136)-Zheenbekov,N (2137) Titled Tuesday intern op 13th Feb Early blitz 2024 (4)}) 14. Nbd4 Be4 15. Nxc6 bxc6 16. Nd4 Qc7 17. f4 (17. Be3 $14) 17... O-O 18. f5 f6 $1 (18... Qxe5 $6 19. Nxc6 Qf6 20. Nxe7+ Qxe7 21. f6 $16) 19. e6 Nb7 20. Bf4 Qc8 (20... Bd6 $11 21. Bxd6 Qxd6) 21. Bf3 $18 {[%emt 0:00:46] and Bxe4 would now be decisive} Rd8 22. Bxe4 (22. Rc1 $18 {has better winning chances.} c5 23. Bxe4 dxe4 24. Qh5) 22... dxe4 $16 {[%emt 0:00:02] [#]} 23. Kh1 {[%emt 0:00:22] White has more active pieces.} (23. Be3 $1 $16) 23... c5 $2 (23... Bc5 $11) 24. Qh5 $1 cxd4 $2 (24... Rxd4 $16 25. Qf7+ Kh7 26. Qxe7 Qc6 27. Bxh6 Kxh6) 25. Qf7+ (25. Bxh6 $142 {White wants to mate with Qf7+.} Bf8 26. Bxg7 Qxe6 27. fxe6 (27. Qh8+ Kf7 $18) 27... Bxg7 28. Qf7+ (28. e7 Nd6 $18) 28... Kh8 29. Rf4 (29. Qxb7 Rab8 $18) 29... Rd5 30. Rh4+ (30. Qxb7 Kh7 $18) 30... Rh5 31. Rxh5+ Bh6 32. Rxh6#) 25... Kh8 $18 26. Qxe7 (26. Bxh6 $142 gxh6 27. Qxe7) 26... Re8 27. Qf7 $40 {[%emt 0:00:02][%cal Of4h6][%mdl 128] White attacks with force.} Rf8 {[%emt 0:00:32] [#]} 28. Qe7 (28. Qh5 $1 $18) 28... e3 $2 (28... Re8 $11 29. Qb4 Nc5) 29. Rfc1 {[%emt 0:00:14] White is clearly winning.} Qe8 30. Qxb7 e2 31. Qe4 Qb5 32. Qxd4 Qxf5 33. e7 Rfe8 34. Bd6 Qb5 35. Re1 Rac8 36. b4 Rc6 37. Bc5 Re6 38. h3 Qc6 39. Rac1 Re4 40. Qf2 Qe6 41. Qf3 g5 42. Rc2 f5 43. Rcxe2 {[%emt 0:00:05] Weighted Error Value: White=0.67/Black=0.58  Loses game:     	---       	Black=3      Missed win:     	White=1     	---        Mistake:       	White=5     	Black=1      Inaccurate:     	White=1     	Black=3      OK:         	White=11    	Black=6      Best:        	White=1     	Black=3      Strong:       	White=1     	Black=1} 1-0

[Event "Pashayeva Memorial Rapid 2025"]
[Site "Baku"]
[Date "2025.03.03"]
[Round "6.4"]
[White "Mammadova, Gulnar"]
[Black "Mammadzada, Gunay"]
[Result "0-1"]
[Annotator "TA"]
[ECO "C93"]
[WhiteElo "2333"]
[BlackElo "2412"]
[PlyCount "82"]
[EventDate "2025.03.01"]
[EventType "tourn"]
[EventCountry "AZE"]
[SourceTitle "playchess.com"]
[Source "ChessBase"]
[SourceQuality "1"]
[TimeControl "900+10"]

1. e4 e5 2. Nf3 Nc6 3. Bb5 a6 4. Ba4 Nf6 5. O-O Be7 6. Re1 b5 7. Bb3 O-O 8. h3 d6 9. c3 Bb7 10. d4 Re8 11. Nbd2 h6 12. Nf1 Bf8 13. Ng3 Na5 14. Bc2 g6 15. b3 {[%emt 0:01:36] C93: Closed Ruy Lopez: Smyslov Variation.} Bg7 16. Bd2 exd4 17. cxd4 {[%emt 0:00:12] White is better.} c5 18. Bc3 $146 (18. d5 $16) (18. d5 Nd7 19. Rb1 Rc8 20. Bf4 Ne5 21. Nxe5 dxe5 22. Be3 Kh7 23. Qe2 Ba8 24. f4 exf4 25. Bxf4 Bxd5 26. Rbd1 Qh4 27. Qf3 Be6 28. Nf5 Bxf5 {0-1 Timmermans,I (2213)-Suarez Pousa,D (2315) Paris-ch op 1999 (9)}) 18... b4 19. Bd2 Qb6 (19... cxd4 $11 20. Nxd4 d5) 20. d5 c4 (20... Nd7 $16) 21. Be3 $18 Qc7 22. bxc4 (22. Rc1 $18) 22... Nxc4 $14 23. Bd4 Ne5 24. Nxe5 dxe5 25. Be3 Rec8 26. Rc1 Qd6 27. Qd2 h5 28. Bd3 a5 29. Rxc8+ Rxc8 30. Rc1 Bf8 31. f4 ({White should play} 31. Ne2 $14) 31... Nd7 $15 32. Rxc8 Bxc8 33. Ne2 (33. fxe5 $15 Nxe5 (33... Qxe5 34. Ne2 $15) 34. Be2) 33... Ba6 $17 34. Nc1 a4 (34... exf4 $17 35. Bxf4 Qb6+ 36. Kh1 Bxd3 37. Nxd3 a4) 35. fxe5 $1 $15 Nxe5 36. Bxa6 (36. Bd4 $1 $11 {remains equal.} Nxd3 37. Nxd3) 36... Qxa6 $17 37. Bd4 Qd6 (37... Qf6 $5) 38. Qc2 {[%emt 0:00:38] [#]} (38. Nd3 $11 Nxd3 39. Qxd3) 38... Bg7 $1 $36 {[%emt 0:00:25][%cal Oe5f3][%mdl 2048] ...Nf3+! would now be deadly. Keeping White busy.} 39. Ne2 (39. Qxa4 $2 Nf3+ 40. gxf3 Qg3+ (40... Bxd4+ 41. Kg2 $17) 41. Kf1 Bxd4 (41... Qxh3+ 42. Ke1 $17) 42. Qe8+ Kg7 $19) (39. Be3 $17) 39... Qa6 $19 40. Kf1 $2 (40. Kh1 {might work better.}) 40... Nc4 (40... b3 $142 41. axb3 a3) 41. Bxg7 $2 (41. Qd3 b3 42. axb3 axb3 43. e5) 41... Ne3+ {[%emt 0:00:02] What a bad dream for White.   Weighted Error Value: White=0.53/Black=0.23 (precise)   Mistake:       	White=9     	Black=4      Inaccurate:     	White=2     	Black=4      OK:         	White=6     	Black=4      Best:        	---       	Black=3      Strong:       	White=1     	Black=1} ({Weaker is} 41... Kxg7 42. Kg1 $17) 0-1

[Event "Pashayeva Memorial Rapid 2025"]
[Site "Baku"]
[Date "2025.03.03"]
[Round "6.5"]
[White "Serikbay, Assel"]
[Black "Beydullayeva, Govhar"]
[Result "1-0"]
[Annotator "TA"]
[ECO "D37"]
[WhiteElo "2216"]
[BlackElo "2404"]
[PlyCount "89"]
[EventDate "2025.03.01"]
[EventType "tourn"]
[EventCountry "AZE"]
[SourceTitle "playchess.com"]
[Source "ChessBase"]
[SourceQuality "1"]
[TimeControl "900+10"]

1. d4 Nf6 2. c4 e6 3. Nf3 d5 4. Nc3 Be7 5. Bf4 O-O 6. e3 Nbd7 7. c5 Nh5 8. Bd3 {[%emt 0:00:03] D37: Queen's Gambit Declined: 5 Bf4.} Nxf4 9. exf4 b6 10. b4 {[%emt 0:00:02] The position is equal.} a5 11. a3 c6 12. O-O Ba6 13. Bxa6 Rxa6 14. Qd3 Qa8 15. Rab1 axb4 16. axb4 Ra3 17. Rfc1 g6 $146 (17... Qb7 18. g3 Rfa8 19. Qc2 bxc5 20. bxc5 Qa6 21. Kg2 Bd8 22. Qe2 Qa5 23. Nd1 g6 {1-0 Ter Sahakyan,S (2609)-Javakhadze,Z (2461) Titled Tuesday intern op 01st Aug Early blitz 2023 (10)}) 18. g3 bxc5 19. bxc5 Rb8 20. Rxb8+ Qxb8 21. Rb1 Qa7 22. Qc2 Bf6 23. Ne5 Bxe5 24. fxe5 Nxe5 25. dxe5 $16 Qxc5 26. Rb3 {[%emt 0:01:46] [#]} (26. Rc1 $16) 26... Ra1+ $1 $17 {[%emt 0:00:41] Black attacks} 27. Kg2 d4 {[%emt 0:00:05][%csl LRc3,LRe5][%cal Oc5c4] Threatens to win with ...Qc4!.} 28. Qd2 (28. Qb2 $1 $11 dxc3 29. Qxc3 (29. Qxa1 $2 Qd5+ 30. Kf1 Qh1+ 31. Ke2 Qxa1 $19) (29. Rb8+ Kg7 $11) 29... Qd5+ 30. Qf3) 28... Qxe5 (28... dxc3 $15 29. Qd8+ Qf8 (29... Kg7 30. Qf6+ Kh6 31. Rxc3 $11) 30. Qxf8+ Kxf8 31. Rxc3 Ra6) 29. Ne2 $2 (29. f4 $1 $11 {and White is okay.} Qc5 30. Qb2 (30. Ne4 $2 Qd5 $19)) 29... Qd5+ $19 30. Rf3 c5 (30... e5 $19 {has better winning chances.} 31. Qb4 c5) 31. Nf4 Qe4 {[%emt 0:00:08][%mdl 1024] Black has strong compensation.} (31... Qa2 {simplifies} 32. Qxa2 Rxa2 33. Rb3 c4) 32. Qe2 (32. Qb2 $17 Qb1 33. Qxb1 Rxb1 34. Ra3) 32... Qc6 $2 (32... Qxe2 $19 33. Nxe2 e5) 33. Nd3 (33. Qe5 $14) 33... c4 ({Better is} 33... Ra3 $11) 34. Ne5 $1 $36 {[%emt 0:00:01][%csl LRc4,LRc6,LRf7][%mdl 2048] White has good play.} d3 $2 (34... Qd5 $14) 35. Qb2 $18 (35. Qxd3 $2 cxd3 36. Nxc6 d2 $19) 35... d2 (35... Qa8 $18 36. Nxf7 (36. Nxc4 Rg1+ 37. Kxg1 Qxf3 $18) 36... Rg1+ 37. Kxg1 Qxf3) 36. Qxa1 Qd5 37. Nxf7 e5 38. Qd1 {[%emt 0:00:30][%cal Of7e5] and Nxe5! should not be overlooked} ({Stronger than} 38. Qxe5 Qxe5 39. Nxe5 d1=Q 40. Nxc4 Qd5 $11) ({Weaker is} 38. Nh6+ Kg7 $16) 38... c3 {[%emt 0:00:02] [#]} 39. Nxe5 $1 c2 (39... Kg7 40. Ng4) 40. Qxc2 {[%emt 0:00:01] White mates.} d1=Q 41. Qc8+ Qd8 42. Qe6+ Kg7 43. Rf7+ Kh8 {[%emt 0:00:05] [#]} 44. Nxg6+ $1 Kg8 (44... hxg6 45. Qe5+) 45. Rd7# {[%emt 0:00:05] Weighted Error Value: White=0.69/Black=0.68  Loses game:     	White=1     	Black=1      Missed win:     	---       	Black=2      Mistake:       	White=4     	Black=4      Inaccurate:     	---       	Black=1      OK:         	White=8     	Black=9      Best:        	White=3     	Black=2      Strong:       	White=1     	Black=1} 1-0